 Dungeon Crawl Stone Soup version 0.30.1 (webtiles) character file.

Game seed: 11317128777837236288

22 Wiggles the Chopper (level 2, 0/27 HPs)
             Began as a Minotaur Berserker on July 13, 2023.
             Was a Follower of Trog.
             Slain by Sigmund
             ... wielding a +2 scythe of freezing
              (2 damage)
             ... on level 2 of the Dungeon.
             The game lasted 00:01:59 (469 turns).

Wiggles the Chopper (Minotaur Berserker)             Turns: 469, Time: 00:02:00

Health: 0/27       AC:  5    Str: 21    XL:     2   Next: 68%
Magic:  1/1        EV: 11    Int:  4    God:    Trog [*.....]
Gold:   83         SH:  0    Dex:  9    Spells: 1/1 levels left

rFire   . . .        a - +0 hand axe
rCold   . . .        (no shield)
rNeg    . . .        j - +0 ring mail
rPois   .            (helmet restricted)
rElec   .            (no cloak)
rCorr   .            (no gloves)
SInv    .            (no boots)
Will    .....        (no amulet) Stlth
                     (no ring)
HPRegen 0.24/turn    (no ring)
MPRegen 0.07/turn

%: no passive effects
@: confused
A: horns 2, retaliatory headbutt
a: Renounce Religion, Berserk


You were on level 2 of the Dungeon.
You worshipped Trog.
Trog was aware of your devotion.
You visited 1 branch of the dungeon, and saw 2 of its levels.

You collected 83 gold pieces.

Inventory:

Hand Weapons
 a - a +0 hand axe (weapon)
Armour
 j - a +0 ring mail (worn)
Scrolls
 b - a scroll of poison {unknown}
 c - a scroll of identify {unknown}
 f - a scroll of amnesia {unknown}
 h - a scroll of fog {unknown}
 k - a scroll of fear {unknown}
 m - a scroll of teleportation {unknown}
Potions
 d - a potion of lignification {unknown}
 e - 2 potions of brilliance {unknown}
 g - a potion of heal wounds {unknown}
 i - a potion of ambrosia {unknown}
 l - a potion of flight {unknown}


   Skills:
 + Level 4.0 Fighting
 + Level 4.2 Axes
 + Level 2.5 Armour
 + Level 2.5 Dodging


You had one spell level left.
You didn't know any spells.
Your spell library was empty.

Dungeon Overview and Level Annotations

Branches:
Dungeon (2/15)

Altars:

Annotations:
D:2 Sigmund


Innate Abilities, Weirdness & Mutations

You have a pair of horns on your head.
You reflexively headbutt those who attack you in melee.


Message History

Done exploring.
There is a stone staircase leading down here.
You climb downwards.
There is a stone staircase leading up here.
Found 12 gold pieces.
The hobgoblin hits you.
You barely miss the hobgoblin. Your headbutt misses the hobgoblin.
The hobgoblin hits you but does no damage.
You closely miss the hobgoblin. The hobgoblin closely misses you.
You furiously retaliate!
You headbutt the hobgoblin!
You kill the hobgoblin!
Trog accepts your kill.
No target in view!
You now have 83 gold pieces (gained 12).
Sigmund the Dreaded comes into view.
He is wielding a +2 scythe of freezing.
Found a throwing net.
Sigmund shouts!
Sigmund moves out of view.
No target in view!
Found a sedimented silvery potion.
Sigmund gestures at you while chanting. The puff of flame hits you!
You are too injured to fight recklessly!
Sigmund casts a spell at you. The puff of flame hits you!
Sigmund casts a spell at you.
You are confused.
You are too confused!
You bump into the rock wall.
You bump into the rock wall.
Sigmund gestures at you while chanting. The magic dart hits you.
* * * LOW HITPOINT WARNING * * *
You are too confused!
You are too confused!
You are too confused!
You bump into the rock wall.
Sigmund hits you from afar with a +2 scythe of freezing.
* * * LOW HITPOINT WARNING * * *
Sigmund freezes you.
You die...

# ##### ...
#...
.....#####.#
.(...@..@..#
!....####..#
... #@.# #
##..# #...#
#..## #..#
#..# #..##
#...# #...#


You could see Sigmund.

Vanquished Creatures
  5 bats (D:1)
  An endoplasm (D:1)
  A giant cockroach (D:1)
  4 goblins (D:1)
  2 hobgoblins
  2 jackals (D:1)
  A frilled lizard (D:1)
  5 rats (D:1)
21 creatures vanquished.

Notes
Turn   | Place    | Note
-------+----------+-------------------------------------------
     0 | D:1      | Wiggles the Minotaur Berserker began the quest for the Orb.
     0 | D:1      | Reached XP level 1. HP: 19/19 MP: 0/0
    77 | D:1      | Reached XP level 2. HP: 27/27 MP: 1/1
   118 | D:1      | Found a faded altar of an unknown god.
   458 | D:2      | Noticed Sigmund
   469 | D:2      | Slain by Sigmund

Illustrated notes

Levels and vault maps discovered:
D:1:      wander_arrival_fairy_ring, layout_rooms, basic_ecumenical_altar,
          corner_web_ring
D:2:      layout_loops_ring, kennysheep_boxes, uniq_sigmund

Skill      XL: |  1 |
---------------+----+-----
Fighting       | 4 |  4.0
Axes           | 4 |  4.2
Armour         | |  2.5
Dodging        | |  2.5

Action                     || total
---------------------------++-------
  Melee: Hand axe          ||    27
         Headbutt          ||     3
 Armour: Animal skin       ||     1
         Ring mail         ||    10
  Dodge: Dodged            ||    23
